 Dungeon Crawl Stone Soup version 0.26.1-11-gd32895ea62 (webtiles) character file.

Game seed: 15714843604323184172

254 Descartes the Firebug (level 5, 0/28 HPs)
             Began as a Deep Elf Wanderer on July 13, 2021.
             Slain by kthxbai's ghost (2 damage)
             ... on level 3 of the Dungeon.
             The game lasted 00:10:56 (5270 turns).

Descartes the Firebug (Deep Elf Wanderer)           Turns: 5270, Time: 00:10:57

Health: 0/28       AC:  3    Str:  7    XL:     5   Next: 91%
Magic:  12/14      EV: 14    Int: 18    God:
Gold:   184        SH:  0    Dex: 16    Spells: 11/13 levels left

rFire    . . .     SeeInvis .   a - +0 dagger
rCold    . . .     Faith    .   (no shield)
rNeg     . . .     Spirit   .   h - +0 robe (curse)
rPois    .         Reflect  .   (no helmet)
rElec    .         Harm     .   (no cloak)
rCorr    .         Rampage  .   k - +0 pair of gloves
Will     .....                  (no boots)
Stlth    +++.......             (no amulet)
HPRegen  0.09/turn              i - ring of wizardry
MPRegen  0.14/turn              r - ring of stealth

@: no status effects
A: no striking features
a: no special abilities


You were on level 3 of the Dungeon.
You visited 1 branch of the dungeon, and saw 4 of its levels.

You collected 184 gold pieces.

Inventory:

Hand Weapons
 a - a +0 dagger (weapon)
Missiles
 d - 62 bolts
 g - 52 stones (quivered)
 l - 71 arrows
 t - 3 boomerangs
 u - 27 poisoned darts
 w - 13 sling bullets
Armour
 h - a cursed +0 robe (worn)
 k - a +0 pair of gloves (worn)
Jewellery
 i - a ring of wizardry (left hand)
 r - a ring of stealth (right hand)
 v - a cursed ring of teleportation {unknown}
Wands
 o - a wand of polymorph (6)
Scrolls
 b - 3 scrolls of teleportation {unknown}
 j - 3 scrolls of remove curse {unknown}
 m - 3 scrolls of identify {unknown}
 n - 3 scrolls of fog {unknown}
 s - 2 scrolls of fear {unknown}
Potions
 c - 2 potions of lignification
 e - a potion of haste {unknown}
 f - a potion of degeneration {unknown}
 p - a potion of curing
 q - a potion of attraction {unknown}


   Skills:
 - Level 1.0 Throwing
 + Level 3.2 Dodging
 + Level 2.3 Stealth
 - Level 1.0 Shields
 + Level 4.9 Spellcasting
 + Level 0.0 Conjurations
 - Level 1.1 Transmutations
 - Level 5.0 Fire Magic
 - Level 1.1 Ice Magic
 + Level 3.0 Earth Magic


You had 11 spell levels left.
You knew the following spells:

 Your Spells              Type           Power        Failure   Level
a - Foxfire               Conj/Fire      52%          1%          1
b - Sandblast             Erth           30%          1%          1

Your spell library contained the following spells:

 Spells                   Type           Power        Failure   Level
 Passwall                 Tmut/Erth      9%           3%          2
 Ignite Poison            Fire/Tmut/Pois 11%          7%          3
 Stone Arrow              Conj/Erth      20%          9%          3
 Petrify                  Tmut/Erth      11%          22%         4
 Lee's Rapid Deconstruct  Erth           7%           38%         5


Dungeon Overview and Level Annotations

Branches:
Dungeon (4/15)
 Temple: D:4-7

Altars:
Kikubaaqudgha
Uskayaw

Annotations:
D:3 kthxbai's ghost, amateur DsTm


Message History

The blast of sand hits kthxbai's ghost.
Kthxbai's ghost is lightly damaged.
g - 53 stones Kthxbai's ghost hits you.
Casting: Sandblast (safe; 1% risk of failure)
Confirm with . or Enter, or press ? or * to list all spells.
Aiming: Sandblast (safe; 1% risk of failure)
Press: ? - help, Shift-Dir - straight line, f/p - kthxbai's ghost
Aim: kthxbai's ghost (black smoke, lightly damaged, 29% to evade)
The blast of sand hits kthxbai's ghost.
Kthxbai's ghost is lightly damaged.
g - 52 stones Kthxbai's ghost hits you.
The orc warrior throws a stone.
The stone hits you!
Ouch! That really hurt!
* * * LOW HITPOINT WARNING * * *
You see here a stone.
There is a stone staircase leading down, spattered with blood here.
Kthxbai's ghost hits you.
You die...

#####.#
#..######..#...#####
#.####...# #..........#
#........#####..#...###.##
######...................#
##.####.........##..# ###
#.# #.####...###..# ..#
#.# #.# ##.## #..# #.# #.#
#.# ### #..# #.# #######@#
#..#### #.# |§§#.##W#
#...... #.#######§§§§..#o#
#.####. #.......#.§§#o.(.#
#.# #. #..#############.#
#.# #. #..# #.# #.# #.
#..# #.# #.# #. #..# #.#
#.# #. ...# #.# #.# #.


You could see an orc warrior and kthxbai's ghost.

Vanquished Creatures
  A phantom (D:3)
  An orc wizard (D:3)
  4 adders
  A worm (D:3)
  3 dart slugs
  7 leopard geckos
  5 orcs
  6 giant cockroaches
  6 hobgoblins
  4 jackals (D:1)
  14 bats
  3 frilled lizards
  10 goblins
  8 kobolds
  A leopard gecko skeleton (D:4)
  9 rats
83 creatures vanquished.

Vanquished Creatures (others)
  454 foxfires
454 creatures vanquished.

Grand Total: 537 creatures vanquished

Notes
Turn   | Place    | Note
-------+----------+-------------------------------------------
     0 | D:1      | Descartes the Deep Elf Wanderer began the quest for the
                  | Orb.
     0 | D:1      | Descartes set off with the following items: a +0 dagger, a
                  | potion of lignification, a +0 robe; and the following
                  | spells available to memorise: Foxfire, Sandblast, Passwall,
                  | Ignite Poison, Stone Arrow, Petrify, Lee's Rapid
                  | Deconstruction
     0 | D:1      | Reached XP level 1. HP: 10/10 MP: 6/6
     2 | D:1      | Learned a level 1 spell: Foxfire
     4 | D:1      | Learned a level 1 spell: Sandblast
   151 | D:1      | Reached XP level 2. HP: 15/15 MP: 4/8
   153 | D:1      | Reached skill level 1 in Dodging
   260 | D:1      | Reached skill level 1 in Earth Magic
   847 | D:1      | Reached XP level 3. HP: 15/19 MP: 7/10
  2419 | D:3      | Reached XP level 4. HP: 24/24 MP: 5/11
  2964 | D:3      | Reached skill level 5 in Fire Magic
  3156 | D:3      | Found a runed translucent door.
  3156 | D:3      | Noticed kthxbai's ghost (amateur DsTm)
  3157 | D:3      | Noticed an orc warrior
  3329 | D:3      | Reached skill level 1 in Stealth
  3480 | D:3      | Found an ancient bone altar of Kikubaaqudgha.
  3647 | D:3      | Reached XP level 5. HP: 28/28 MP: 10/13
  3819 | D:3      | Noticed a +0 dagger
  3820 | D:3      | Noticed a +0 dagger
  3824 | D:3      | Found a hide-covered altar of Uskayaw.
  4223 | D:4      | Noticed a phantom
  4441 | D:3      | Killed a phantom
  5270 | D:3      | Slain by kthxbai's ghost

Illustrated notes

Levels and vault maps discovered:
D:1:      scummos_arrival_simple_fountains, layout_loops_ring
D:2:      layout_rooms
D:3:      layout_loops_ring, marbit_many_paths, dancing_weapons_uskayaw,
          ebering_ghost_inner_flame, grunt_ministairs_14
D:4:      layout_rooms

Skill      XL: |  1  2  3  4  5 |
---------------+----------------+-----
Dodging        | 1 2 3 |  3.2
Earth Magic    | 1 2 3 |  3.0
Spellcasting   | 4 |  4.9
Fire Magic     | 5 |  5.0
Stealth        | 1 2 |  2.3
Throwing       | |  1.0
Shields        | |  1.0
Transmutations | |  1.1
Ice Magic      | |  1.1

Action                   |  1- 3 |  4- 6 || total
-------------------------+-------+-------++-------
Melee: Dagger            |     1 |    17 ||    18
 Cast: Foxfire           |   142 |   180 ||   322
       Sandblast         |       |     3 ||     3
  Use: Potion            |       |     1 ||     1
Armor: Robe              |     5 |     6 ||    11
Dodge: Dodged            |    18 |    21 ||    39
